 Dungeon Crawl Stone Soup version 0.27-a0-1147-gb3d8e82157 (webtiles) character file.

Game seed: 1168632781075136564

197 leviel the Skirmisher (level 5, -2/48 HPs)
             Began as a Minotaur Fighter on May 11, 2021.
             Slain by a sky beast (6 damage)
             ... on level 3 of the Dungeon.
             The game lasted 00:03:18 (2689 turns).

leviel the Skirmisher (Minotaur Fighter)            Turns: 2689, Time: 00:03:18

Health: -2/48      AC:  7    Str: 22    XL:     5   Next: 46%
Magic:  4/4        EV:  7    Int:  5    God:
Gold:   60         SH:  9    Dex:  9    Spells: 4/4 levels left

rFire    . . .     SeeInvis .   a - +0 war axe
rCold    . . .     Faith    .   c - +0 kite shield
rNeg     . . .     Spirit   .   b - +0 scale mail
rPois    .         Reflect  .   (helmet restricted)
rElec    .         Harm     .   (no cloak)
rCorr    .         Rampage  .   (no gloves)
Will     .....                  (no boots)
Stlth    ..........             (no amulet)
HPRegen  0.16/turn              (no ring)
MPRegen  0.09/turn              (no ring)

@: no status effects
A: horns 2, retaliatory headbutt
a: no special abilities


You were on level 3 of the Dungeon.
You visited 1 branch of the dungeon, and saw 3 of its levels.

You collected 60 gold pieces.

Inventory:

Hand Weapons
 a - a +0 war axe (weapon)
Armour
 b - a +0 scale mail (worn)
 c - a +0 kite shield (worn)
Scrolls
 e - 2 scrolls of blinking {unknown}
 h - a scroll of vulnerability {unknown}
 k - a scroll of brand weapon {unknown}
 m - a scroll of enchant weapon {unknown}
Potions
 d - 2 potions of might
 f - 2 potions of lignification {unknown}
 g - a potion of curing {unknown}
 i - 2 potions of brilliance {unknown}
 j - 2 potions of haste {unknown}
 l - a potion of invisibility {unknown}


   Skills:
 * Level 5.4 Fighting
 + Level 3.7 Axes
 + Level 4.7 Armour
 + Level 4.7 Shields


You had 4 spell levels left.
You didn't know any spells.
Your spell library contained the following spells:

 Spells                   Type           Power      Damage    Failure   Level
 Summon Small Mammal      Summ           0%         N/A       99%         1
 Blink                    Tloc           N/A        N/A       100%        2
 Call Imp                 Summ           0%         N/A       100%        2
 Animate Armour           Summ/Erth      0%         N/A       100%        4
 Iskenderun's Mystic Bla  Conj/Tloc      0%         2d3       100%        4


Dungeon Overview and Level Annotations

Branches:
Dungeon (3/15)

Altars:
Makhleb
Nemelex Xobeh


Innate Abilities, Weirdness & Mutations

You have a pair of horns on your head.
You reflexively headbutt those who attack you in melee.


Message History

Something hits you but does no damage. Something hits you.
Something shocks you.
You miss something. You headbutt something! Something hits you.
Something shocks you.
* * * LOW HITPOINT WARNING * * *
Found an escape hatch in the floor.
There is an escape hatch in the floor here.
Something hits you.
* * * LOW HITPOINT WARNING * * *
Something shocks you.
* * * LOW HITPOINT WARNING * * *
A sky beast appears from thin air!
Reactivating autopickup.
You block the sky beast's attack.
Your scale mail prevents you from hitting the sky beast.
Your headbutt misses the sky beast.
The sky beast is severely wounded.
You block the sky beast's attack.
The sky beast hits you but does no damage.
You hit the sky beast but do no damage.
The sky beast is severely wounded.
The sky beast hits you but does no damage.
You hit the sky beast. Your headbutt misses the sky beast.
The sky beast is almost dead.
You block the sky beast's attack.
The sky beast hits you but does no damage.
You closely miss the sky beast. Your headbutt misses the sky beast.
The sky beast is almost dead.
The sky beast closely misses you.
You barely miss the sky beast.
The sky beast is severely wounded.
The sky beast barely misses you. You furiously retaliate!
You headbutt the sky beast, but do no damage.
The sky beast hits you but does no damage.
You hit the sky beast. Your headbutt misses the sky beast.
The sky beast is almost dead.
The sky beast hits you.
* * * LOW HITPOINT WARNING * * *
The sky beast shocks you.
You die...

##[###..# #.#
#..## ##.# #..##
#.###.## #.# #...#
#.....# #.# ##..#
#####.# #+# #.#
#..# #.# #.##
#.####..#
####.##### #.#.
#.......#
#...≈....######..#
#######.#
#Y##........##....
# #.#
#@######.##.#.....
# #.# #.#
#.##.##≈..#
########>#
#>######.##.###.##
.........#
#........##.......
##########
##################


You could see a sky beast.

Vanquished Creatures
  A vampire bat (D:3)
  3 adders
  4 dart slugs
  3 fire bats (D:3)
  2 spectral bats (D:3)
  14 bats
  3 bat skeletons (D:3)
  A bat zombie (D:3)
  4 endoplasms (D:1)
  5 goblins
  A hobgoblin (D:1)
  2 jackals (D:3)
  3 kobolds (D:1)
  A quokka (D:1)
  3 ball pythons
  A bat simulacrum (D:3)
  3 frilled lizards
  4 rats
58 creatures vanquished.

Notes
Turn   | Place    | Note
-------+----------+-------------------------------------------
     0 | D:1      | leviel the Minotaur Fighter began the quest for the Orb.
     0 | D:1      | Reached XP level 1. HP: 19/19 MP: 0/0
   254 | D:1      | Reached XP level 2. HP: 27/27 MP: 1/1
   265 | D:1      | Found a faded altar of an unknown god.
   573 | D:1      | Reached skill level 4 in Fighting
   920 | D:2      | Reached XP level 3. HP: 8/33 MP: 2/2
  2010 | D:3      | Found a sparkling altar of Nemelex Xobeh.
  2126 | D:3      | Found a burning altar of Makhleb.
  2286 | D:3      | Reached XP level 4. HP: 26/41 MP: 3/3
  2412 | D:3      | Identified the Incunabulum of Calling and the Voyage
  2534 | D:3      | Reached skill level 5 in Fighting
  2534 | D:3      | Reached XP level 5. HP: 48/48 MP: 4/4
  2632 | D:3      | Noticed a sky beast
  2689 | D:3      | Slain by a sky beast

Illustrated notes

Levels and vault maps discovered:
D:1:      dpeg_arrival_simpleton_c, layout_basic,
          hellmonk_ecumenical_altar_arch_garden, minmay_heptomino_d4
D:2:      layout_loops_ring
D:3:      layout_loops_corners, nicolae_overflow_hidden_temple,
          lemuel_tele_altar, goddamned_bats

Skill      XL: |  1  2  3  4 |
---------------+-------------+-----
Fighting       | 4 5 |  5.4
Armour         | 4 |  4.7
Shields        | 4 |  4.7
Axes           | 3 |  3.7

Action                   |  1- 3 |  4- 6 || total
-------------------------+-------+-------++-------
Melee: War axe           |    74 |    44 ||   118
       Headbutt          |     8 |     7 ||    15
Armor: Scale mail        |    30 |    55 ||    85
Dodge: Dodged            |    21 |    30 ||    51
Block: Kite shield       |    40 |    32 ||    72

Table legend: (Time is in decaauts)
 A = Elapsed time spent in this place.
 B = Non-inter-level travel time spent in this place.
 C = Inter-level travel time spent in this place.
 D = Time resting spent in this place.
 E = Time spent auto-exploring this place.
 F = Levels seen in this place.
 G = Mean time per level.
                   A        B        C        D        E       F      G
               +--------+--------+--------+--------+--------+-----+--------+
         Total |   2754 |   2711 |     43 |    383 |   1970 |   3 |  918.0 |
       Dungeon |   2754 |   2711 |     43 |    383 |   1970 |   3 |  918.0 |
               +--------+--------+--------+--------+--------+-----+--------+

Top non-repeatable levels by time:
     D:2: 991 daAuts
     D:1: 894 daAuts
     D:3: 868 daAuts
